Map: Green Acres

Players

neulaender - Winner!

  • Race: Zerg Zerg
  • Spawn Location: 12:00

Baumdoktor - Winner!

  • Race: Protoss Protoss
  • Spawn Location: 1:00

BennTenn - Winner!

  • Race: Terran Terran
  • Spawn Location: 3:00

A.I. 3 (Hard)

  • Race: Protoss Protoss
  • Spawn Location: 6:00

A.I. 4 (Hard)

  • Race: Terran Terran
  • Spawn Location: 9:00

A.I. 5 (Hard)

  • Race: Zerg Zerg
  • Spawn Location: 7:00

VOD

Have the link to the VOD?

Description

Time

  • Played on: Oct. 10, 2016, 12:18 p.m.
  • Length: 15:03
Show
View Real Time Build Order
Export as new Build Order

neulaender Zerg - Winner!

Build Orders: Hatch First 

Get SALT Encoding   

  12  0:01  Drone  
  13  0:13  Overlord  
  13  0:18  Drone  
  14  0:32  Drone x2  
  16  0:51  Drone  
  16  0:53  Drone  
  18  0:59  Hatchery  
  18  1:02  Extractor  
  16  1:16  Spawning Pool  
  16  1:17  Drone  
  16  1:19  Drone  
  17  1:30  Drone x2  
  19  1:40  Drone  
  20  1:51  Overlord  
  20  1:57  Extractor  
  19  2:03  Queen  
  21  2:11  Queen  
  21  2:13  Drone x2  
  21  2:14  Drone  
  26  2:18  Metabolic Boost  
  26  2:24  Drone x2  
  28  2:35  Overlord  
  28  2:36  Drone  
  29  2:44  Drone x2  
  31  2:53  Queen  
  33  2:59  Zergling x4  
  35  3:06  Drone, Evolution Chamber  
  35  3:07  Evolution Chamber  
  35  3:08  Drone  
  35  3:18  Drone x4  
  39  3:24  Overlord  
  39  3:46  Zerg Missile Weapons Level 1  
  39  3:47  Zerg Ground Armor Level 1  
  39  3:48  Lair  
  39  3:50  Drone x2  
  39  3:51  Drone  
  42  4:14  Drone  
  42  4:15  Drone  
  42  4:16  Drone x6, Roach Warren  
  50  4:17  Drone x2  
  50  4:19  Extractor  
  50  4:20  Drone  
  50  4:22  Extractor  
  50  4:24  Overlord  
  50  4:57  Drone x3  
  50  4:58  Overlord  
  50  4:59  Overlord  
  53  5:01  Glial Reconstitution  
  53  5:04  Burrow  
  53  5:07  Overlord  
  53  5:08  Roach  
  53  5:09  Roach x2  
  59  5:19  Spine Crawler  
  58  5:21  Spine Crawler  
  57  5:28  Spine Crawler  
  57  5:30  Roach  
  57  5:31  Roach x5  
  68  5:39  Queen  
  63  5:43  Roach x2  
  57  6:01  Roach x2  
  59  6:04  Zergling x4  
  55  6:14  Queen  
  55  6:20  Zergling x2, Zerg Melee Weapons Level 1  
  55  6:21  Zergling x2  
  55  6:26  Spine Crawler  
  55  6:29  Spine Crawler  
  55  6:32  Drone  
  54  6:33  Drone  
  54  6:34  Drone x2  
  54  6:35  Drone  
  54  6:36  Queen  
  60  6:44  Zerg Ground Armor Level 2  
  60  6:46  Tunneling Claws  
  60  6:48  Roach  
  60  6:49  Roach x4  
  70  7:08  Roach x6  
  81  7:43  Drone, Spire  
  81  7:51  Roach  
  83  7:54  Overlord x3  
  83  8:02  Pneumatized Carapace  
  83  8:04  Zergling x2  
  84  8:14  Hatchery  
  83  8:21  Zerg Missile Weapons Level 2  
  83  8:25  Roach  
  83  8:26  Roach x6  
  97  8:43  Roach x3  
  97  8:44  Roach x2  
  97  8:46  Overlord  
  97  8:47  Overlord x2  
  103  9:02  Zerg Flyer Weapons Level 1  
  103  9:03  Zerg Melee Weapons Level 2  
  103  9:06  Mutalisk x4  
  111  9:29  Mutalisk  
  111  9:30  Mutalisk x4  
  119  9:45  Extractor x2  
  105  10:25  Drone x6  
  105  10:26  Drone  
  105  10:27  Drone x2  
  105  10:28  Drone x2  
  115  10:29  Drone  
  109  10:43  Infestation Pit  
  109  10:45  Roach x3  
  104  10:56  Zerg Flyer Armor Level 1  
  76  11:08  Roach x10  
  96  11:25  Hive  
  96  11:35  Zergling x2  
  96  11:36  Zergling x16  
  105  11:43  Drone x2  
  105  11:44  Drone x2  
  105  11:45  Hatchery  
  108  12:16  Extractor x2  
  108  12:20  Roach  
  108  12:21  Roach x8  
  122  12:33  Zergling x2  
  122  12:34  Zergling x16  
  112  12:53  Adrenal Glands  
  112  12:57  Mutalisk x11  
  134  13:04  Zergling x4  
  136  13:06  Overlord x3  
  134  13:14  Mutalisk  
  134  13:17  Overlord  
  134  13:18  Overlord  
  133  13:36  Drone x7  
  135  14:02  Roach x12  
  152  14:03  Roach x2  
  132  14:34  Zergling x2  
  132  14:35  Zergling x20  
Show
View Real Time Build Order
Export as new Build Order

Baumdoktor Protoss - Winner!

Build Orders: 1 Gate Expand 

Get SALT Encoding   

  12  0:03  Probe (Chrono Boost)  
  13  0:14  Probe (Chrono Boost)  
  14  0:24  Probe (Chrono Boost)  
  15  0:34  Pylon  
  15  0:53  Gateway, Probe (Chrono Boost)  
  16  1:03  Probe (Chrono Boost)  
  17  1:14  Nexus  
  17  1:22  Pylon  
  17  1:28  Pylon  
  17  1:34  Probe (Chrono Boost)  
  18  1:44  Cybernetics Core, Probe (Chrono Boost)  
  19  1:51  Assimilator  
  19  1:57  Assimilator  
  19  2:16  Forge  
  19  2:31  Probe (Chrono Boost)  
  20  2:40  Probe (Chrono Boost)  
  20  2:41  Probe (Chrono Boost)  
  22  2:49  Warp Gate  
  22  2:51  Probe (Chrono Boost)  
  23  2:52  Probe (Chrono Boost)  
  23  2:56  Assimilator  
  24  3:01  Probe (Chrono Boost), Assimilator  
  24  3:02  Probe (Chrono Boost)  
  26  3:12  Probe (Chrono Boost)  
  27  3:13  Probe (Chrono Boost)  
  27  3:17  Twilight Council  
  28  3:22  Pylon  
  28  3:23  Mothership Core (Chrono Boost)  
  28  3:24  Probe (Chrono Boost)  
  31  3:36  Probe (Chrono Boost)  
  32  3:48  Probe (Chrono Boost)  
  34  3:55  Probe (Chrono Boost)  
  34  4:00  Probe (Chrono Boost)  
  35  4:06  Probe (Chrono Boost)  
  36  4:12  Probe (Chrono Boost)  
  36  4:16  Probe (Chrono Boost)  
  38  4:21  Gateway  
  38  4:22  Gateway  
  38  4:24  Probe (Chrono Boost), Charge  
  39  4:27  Probe (Chrono Boost)  
  39  4:28  Gateway  
  39  4:30  Gateway  
  40  4:33  Gateway  
  40  4:34  Gateway  
  40  4:38  Probe (Chrono Boost)  
  41  4:48  Protoss Ground Weapons Level 1  
  41  5:02  Probe (Chrono Boost)  
  42  5:13  Probe (Chrono Boost)  
  43  5:23  Probe (Chrono Boost)  
  44  5:34  Probe (Chrono Boost)  
  42  5:44  Zealot x4  
  42  5:45  Probe (Chrono Boost), Zealot  
  51  5:50  Resonating Glaives, Zealot  
  53  5:59  Zealot  
  49  6:04  Zealot x2  
  49  6:05  Zealot  
  53  6:15  Mothership Core (Chrono Boost)  
  53  6:16  Pylon  
  53  6:21  Pylon x2  
  53  6:37  Protoss Ground Armor Level 1  
  53  6:41  Zealot x2  
  53  6:42  Zealot x5  
  67  7:08  Pylon  
  59  7:27  Blink  
  51  7:32  Nexus  
  51  7:37  Assimilator  
  51  7:42  Assimilator  
  51  7:46  Pylon  
  51  7:48  Pylon  
  51  7:49  Zealot x4  
  51  7:50  Zealot x3, Pylon  
  65  8:11  Stalker  
  65  8:12  Stalker x6  
  77  8:13  Protoss Ground Weapons Level 2  
  79  8:25  Dark Shrine  
  79  8:27  Templar Archives  
  79  9:02  Pylon  
  79  9:04  Pylon  
  79  9:07  Pylon  
  79  9:10  Pylon  
  79  9:14  Probe (Chrono Boost)  
  80  9:19  Gateway  
  80  9:21  Gateway  
  80  9:25  Probe (Chrono Boost)  
  80  9:26  Gateway  
  80  9:28  Gateway  
  80  9:29  Gateway  
  80  9:31  Gateway  
  77  9:33  Gateway  
  77  9:35  Gateway  
  77  9:36  Probe (Chrono Boost)  
  70  9:39  Gateway  
  70  9:43  Zealot x3  
  70  9:44  Zealot x3  
  70  9:45  Zealot  
  80  9:46  Probe (Chrono Boost)  
  75  9:57  Probe (Chrono Boost)  
  70  10:15  Protoss Shields Level 1  
  70  10:29  Psionic Storm  
  70  10:38  High Templar x6  
  70  10:39  High Templar x4  
  70  10:40  High Templar x3  
  96  10:45  Zealot x2  
  96  10:49  Archon x2  
  98  10:50  Archon x4  
  98  10:54  High Templar  
  100  10:58  Archon  
  100  11:07  Zealot x2  
  100  11:10  Zealot  
  100  11:11  Zealot x4  
  108  11:12  Zealot x4  
  108  11:13  Zealot x4  
  130  11:48  Zealot  
  130  11:49  Zealot x5  
  130  11:50  Zealot x6  
  130  11:51  Zealot  
  156  12:28  Pylon  
  156  12:33  Pylon  
  156  12:35  Pylon  
  156  12:37  Pylon  
  142  12:44  Pylon  
  142  13:05  Zealot x5  
  148  13:06  Zealot x6  
  148  13:07  Zealot x4  
  148  13:08  Zealot  
  170  14:00  Zealot x2  
  170  14:01  Zealot x5  
  170  14:02  Zealot x4  
  192  14:03  Zealot x2  
Show
View Real Time Build Order
Export as new Build Order

BennTenn Terran - Winner!

Build Orders:  

Get SALT Encoding   

  12  0:03  SCV  
  13  0:15  SCV  
  14  0:27  SCV  
  15  0:43  Supply Depot  
  15  1:04  SCV  
  15  1:06  Barracks  
  16  1:16  SCV  
  17  1:29  SCV  
  18  1:41  SCV  
  19  1:53  SCV  
  20  2:04  Supply Depot  
  20  2:14  Refinery  
  20  2:23  Command Center  
  20  2:32  Command Center  
  20  2:33  SCV  
  20  2:34  Refinery  
  21  2:39  Supply Depot  
  21  2:42  Marine  
  22  2:51  SCV  
  23  3:00  Marine  
  23  3:03  SCV  
  25  3:15  SCV  
  25  3:18  Ghost Academy, Marine  
  27  3:27  SCV  
  28  3:35  Marine  
  28  3:36  SCV  
  28  3:39  SCV  
  31  3:48  SCV  
  32  3:53  Marine  
  32  3:54  SCV  
  34  4:00  SCV  
  35  4:11  Marine  
  35  4:12  Engineering Bay, SCV  
  35  4:16  Factory  
  37  4:24  SCV  
  37  4:29  Marine  
  39  4:32  Command Center  
  39  4:36  SCV  
  40  4:47  Marine  
  41  4:54  SCV  
  42  5:04  Marine  
  43  5:11  SCV  
  44  5:22  Marine  
  44  5:23  SCV  
  44  5:30  Armory  
  44  5:35  SCV  
  41  5:47  SCV  
  41  5:49  Widow Mine  
  42  5:54  Marine  
  43  5:59  SCV  
  44  6:12  SCV, Marine  
  44  6:13  Refinery  
  44  6:18  Hellion, SCV  
  49  6:25  SCV  
  50  6:30  SCV, Marine  
  52  6:37  Starport, SCV  
  55  6:40  Hellion  
  55  6:42  SCV  
  56  6:47  Terran Vehicle Weapons Level 1  
  56  6:48  Marine  
  56  6:49  Personal Cloaking, SCV  
  58  6:54  Terran Infantry Weapons Level 1, SCV  
  61  7:01  Hellion  
  61  7:05  Marine  
  59  7:14  SCV  
  62  7:23  Hellion, Marine  
  62  7:26  SCV  
  64  7:41  Marine  
  67  7:44  Hellion  
  69  8:05  Hellion  
  69  8:09  SCV  
  70  8:14  Nuke  
  70  8:21  SCV  
  71  8:27  Starport Tech Lab  
  71  8:30  Starport  
  71  8:33  SCV  
  72  8:38  SCV  
  73  8:41  Terran Ship Weapons Level 1  
  73  8:48  Terran Infantry Armor Level 1  
  73  8:50  Missile Turret, SCV  
  74  9:02  SCV  
  75  9:09  Factory Tech Lab  
  75  9:10  Missile Turret  
  75  9:14  SCV  
  76  9:22  Fusion Core  
  76  9:26  SCV  
  77  9:32  Starport  
  77  9:47  Thor  
  79  9:55  Refinery  
  79  9:59  Refinery  
  72  10:31  Starport, Starport Tech Lab  
  72  10:35  Terran Vehicle And Ship Armor Level 1  
  72  10:39  Thor  
  72  10:42  Hi-Sec Auto Tracking  
  78  11:01  SCV  
  79  11:05  SCV  
  79  11:10  Refinery  
  80  11:13  SCV  
  80  11:14  Refinery  
  80  11:15  SCV  
  80  11:17  SCV  
  83  11:20  Refinery  
  83  11:23  Refinery  
  83  11:26  SCV  
  84  11:39  Neosteel Frame, Supply Depot  
  84  11:42  Supply Depot  
  84  11:46  Supply Depot  
  84  11:50  Supply Depot  
  84  11:55  Starport Tech Lab, Supply Depot  
  84  12:01  Thor, SCV x2  
  92  12:04  SCV  
  93  12:13  SCV x2  
  95  12:16  SCV  
  96  12:25  SCV  
  96  12:28  SCV  
  98  12:37  SCV  
  98  12:40  SCV  
  98  12:43  Thor  
  98  12:44  Supply Depot  
  106  12:47  Battlecruiser x2  
  118  12:52  SCV  
  118  12:58  Building Armor  
  118  13:22  Battlecruiser  
  118  13:26  Thor  
  130  13:31  Supply Depot  
  130  13:39  Supply Depot  
  128  13:53  Battlecruiser x2  
  128  13:54  Supply Depot  
  137  14:09  Thor  
  148  14:44  Barracks  
Show
View Real Time Build Order
Export as new Build Order

A.I. 3 (Hard) Protoss 

Build Orders:  

Get SALT Encoding   

  12  0:01  Probe (Chrono Boost)  
  13  0:12  Probe (Chrono Boost)  
  14  0:20  Pylon  
  14  0:22  Probe (Chrono Boost)  
  15  0:39  Probe (Chrono Boost)  
  16  0:47  Assimilator  
  16  0:49  Probe (Chrono Boost)  
  17  0:50  Gateway  
  17  0:59  Pylon  
  17  1:00  Probe (Chrono Boost)  
  18  1:10  Probe (Chrono Boost)  
  19  1:22  Probe (Chrono Boost)  
  20  1:36  Zealot  
  20  1:41  Cybernetics Core  
  20  1:43  Gateway  
  20  1:46  Assimilator  
  22  2:02  Pylon  
  22  2:13  Warp Gate  
  22  2:17  Adept  
  24  2:28  Adept  
  26  2:41  Pylon  
  26  2:43  Adept  
  28  2:53  Adept  
  31  3:06  Probe (Chrono Boost)  
  31  3:09  Stalker  
  33  3:17  Probe (Chrono Boost)  
  34  3:20  Zealot  
  34  3:21  Pylon  
  36  3:29  Probe (Chrono Boost)  
  37  3:35  Forge  
  37  3:38  Adept  
  37  3:41  Probe (Chrono Boost)  
  40  3:45  Adept  
  42  3:52  Probe (Chrono Boost)  
  43  4:03  Adept  
  43  4:04  Probe (Chrono Boost)  
  46  4:48  Protoss Ground Weapons Level 1  
  46  4:55  Stalker  
  46  4:56  Gateway  
  46  4:59  Pylon  
  48  5:05  Sentry  
  50  5:10  Nexus  
  50  5:17  Zealot  
  52  5:22  Pylon  
  52  5:27  Stalker  
  54  5:33  Robotics Facility  
  50  5:37  Sentry  
  48  5:49  Stalker  
  50  5:59  Stalker  
  50  6:02  Photon Cannon  
  50  6:10  Zealot  
  44  6:20  Observer, Zealot  
  44  6:23  Probe (Chrono Boost)  
  44  6:24  Probe (Chrono Boost)  
  47  6:30  Adept  
  49  6:33  Protoss Ground Armor Level 1  
  49  6:34  Probe (Chrono Boost)  
  49  6:36  Probe (Chrono Boost)  
  51  6:40  Observer, Zealot  
  51  6:45  Probe (Chrono Boost)  
  51  6:46  Probe (Chrono Boost)  
  56  6:50  Stalker  
  58  6:56  Photon Cannon  
  58  6:57  Probe (Chrono Boost)  
  58  6:58  Probe (Chrono Boost)  
  58  7:00  Adept  
  62  7:07  Pylon  
  63  7:09  Probe x2 (Chrono Boost)  
  63  7:13  Pylon  
  64  7:21  Probe (Chrono Boost)  
  64  7:22  Probe (Chrono Boost), Stargate  
  66  7:31  Twilight Council  
  66  7:32  Probe x2 (Chrono Boost)  
  68  7:41  Photon Cannon  
  68  7:43  Probe x2 (Chrono Boost)  
  70  7:51  Photon Cannon  
  70  7:53  Probe (Chrono Boost)  
  70  7:57  Forge  
  71  8:20  Assimilator  
  71  8:26  Assimilator  
  71  8:49  Probe (Chrono Boost)  
  72  9:03  Immortal  
  76  9:12  Gateway  
  76  9:14  Robotics Facility  
  76  9:15  Phoenix  
  76  9:18  Stargate  
  76  9:20  Pylon  
  78  9:29  Robotics Bay  
  78  9:37  Phoenix  
  76  9:40  Warp Prism  
  74  9:51  Stalker  
  72  9:58  Warp Prism  
  64  10:00  Zealot  
  62  10:09  Stalker  
  64  10:15  Nexus, Observer  
  64  10:19  Stalker  
  67  10:28  Stalker  
  67  10:30  Protoss Ground Weapons Level 2  
  67  10:32  Warp Prism  
  71  10:38  Sentry  
  73  10:45  Disruptor  
  76  10:54  Fleet Beacon  
  76  11:05  Disruptor  
  76  11:06  Protoss Ground Armor Level 2  
  79  11:17  Immortal  
  83  11:29  Probe (Chrono Boost)  
  83  11:30  Probe (Chrono Boost), Carrier  
  83  11:31  Probe (Chrono Boost)  
  93  11:40  Assimilator  
  93  11:41  Probe (Chrono Boost)  
  93  11:42  Probe x2 (Chrono Boost), Pylon  
  93  11:45  Pylon  
  95  11:48  Assimilator  
  95  11:52  Probe (Chrono Boost)  
  95  11:53  Observer Gravitic Boosters  
  97  11:55  Probe (Chrono Boost)  
  97  11:56  Probe (Chrono Boost)  
  98  12:03  Probe (Chrono Boost)  
  98  12:06  Photon Cannon  
  98  12:07  Probe (Chrono Boost)  
  98  12:08  Probe (Chrono Boost)  
  101  12:11  Protoss Air Weapons Level 1  
  101  12:15  Probe (Chrono Boost)  
  102  12:18  Photon Cannon  
  102  12:19  Probe (Chrono Boost)  
  102  12:21  Probe (Chrono Boost)  
  104  12:25  Probe (Chrono Boost)  
  104  12:28  Stalker  
  102  12:31  Probe (Chrono Boost)  
  102  12:32  Probe (Chrono Boost)  
  102  12:33  Zealot  
  102  12:37  Stalker  
  86  12:40  Zealot  
  86  12:43  Void Ray  
  85  12:46  Gravitic Drive  
  85  12:51  Zealot  
  91  12:54  Zealot  
  91  12:56  Void Ray  
  78  13:03  Zealot  
  65  13:06  Zealot  
  65  13:12  Stalker  
  65  13:24  Void Ray  
  69  13:28  Disruptor  
  71  13:36  Stalker  
  72  13:44  Stalker  
  66  13:50  Sentry  
  66  13:54  Stalker  
  64  13:59  Stalker  
  57  14:06  Zealot  
  57  14:08  Pylon  
  59  14:13  Observer  
  60  14:23  Stalker  
  60  14:29  Zealot  
  54  14:32  Robotics Facility  
  54  14:36  Probe (Chrono Boost)  
  41  14:43  Pylon  
Show
View Real Time Build Order
Export as new Build Order

A.I. 4 (Hard) Terran 

Build Orders: MMM Bio 

Get SALT Encoding   

  12  0:01  SCV  
  13  0:13  SCV  
  14  0:19  Supply Depot  
  14  0:25  SCV  
  15  0:40  SCV  
  16  0:42  Barracks  
  16  0:49  Refinery  
  16  0:53  SCV  
  17  1:05  SCV  
  18  1:17  SCV  
  19  1:19  Supply Depot  
  19  1:29  Orbital Command, Marine  
  20  1:41  Barracks  
  20  1:50  Refinery, Barracks Tech Lab  
  20  1:54  SCV  
  21  2:06  Supply Depot  
  21  2:08  Marine  
  22  2:26  Marauder  
  22  2:28  Marine  
  25  2:39  Supply Depot  
  25  2:45  Marine  
  25  2:48  Marauder  
  25  2:51  SCV  
  29  3:03  Engineering Bay, Marine, SCV  
  31  3:09  Marauder  
  33  3:15  SCV  
  33  3:17  Supply Depot  
  34  3:21  Marine  
  35  3:27  SCV  
  35  3:30  Marine  
  37  3:39  SCV  
  40  3:48  Marauder  
  40  3:51  SCV  
  43  4:10  Marauder  
  43  5:01  Barracks Tech Lab  
  43  5:02  Marine  
  43  5:03  Stimpack  
  43  5:04  Factory  
  44  5:08  Factory  
  44  5:12  Missile Turret  
  44  5:17  Command Center  
  44  5:19  Combat Shields  
  44  5:22  Terran Infantry Weapons Level 1  
  44  5:40  Missile Turret  
  44  5:48  Factory Tech Lab  
  44  5:51  Starport  
  44  5:52  Marine  
  44  5:54  Starport, Factory Tech Lab  
  43  6:01  Bunker  
  43  6:02  Marine  
  41  6:12  Siege Tank  
  42  6:20  Barracks  
  42  6:21  Marine  
  34  6:29  Starport Tech Lab  
  34  6:30  SCV  
  34  6:31  Marauder  
  34  6:32  SCV  
  37  6:40  Marauder  
  37  6:42  SCV  
  37  6:43  Refinery, Starport Tech Lab  
  37  6:44  SCV  
  37  6:45  Refinery  
  41  6:52  Marauder  
  41  6:53  Concussive Shells  
  43  6:54  SCV  
  43  6:56  SCV  
  45  7:01  Marine  
  45  7:06  SCV  
  45  7:08  Marine, Missile Turret, SCV  
  49  7:15  Raven  
  49  7:17  Missile Turret, Terran Infantry Armor Level 1, Marine  
  49  7:19  SCV  
  49  7:20  SCV  
  54  7:26  Supply Depot  
  54  7:27  Marine  
  55  7:31  SCV  
  55  7:32  SCV  
  55  7:36  Siege Tank  
  60  7:37  Raven  
  60  7:39  Bunker  
  60  7:43  SCV  
  63  7:44  SCV  
  63  7:46  Cyclone  
  68  7:52  Sensor Tower  
  68  7:55  SCV  
  68  7:56  SCV  
  70  8:00  Armory  
  70  8:02  Supply Depot  
  70  8:05  Barracks Reactor  
  70  8:07  SCV  
  70  8:08  SCV  
  72  8:19  SCV  
  73  8:21  SCV  
  74  9:09  Medivac x2  
  78  9:10  Marine  
  78  9:11  Supply Depot  
  78  9:12  Terran Infantry Weapons Level 2  
  78  9:14  Marine  
  80  9:19  Marine  
  80  9:23  Marine  
  81  9:28  Marine  
  82  9:33  Marine  
  82  9:37  Engineering Bay  
  79  9:39  Medivac, Raven  
  79  9:40  Cyclone  
  79  9:41  Supply Depot  
  85  9:46  Marauder  
  85  9:51  Marauder  
  85  9:52  Terran Vehicle Weapons Level 1  
  89  10:03  Terran Infantry Armor Level 2  
  89  10:05  Supply Depot  
  89  10:08  Marauder  
  89  10:13  Marauder  
  93  10:18  Ghost Academy  
  93  10:33  Fusion Core  
  93  10:39  Cyclone  
  88  10:44  Marauder  
  88  10:48  Marine  
  81  10:53  Marine  
  81  10:56  Medivac  
  72  10:58  Marine  
  73  11:05  Marine  
  73  11:06  Marine  
  75  11:12  Marine  
  75  11:16  Marine  
  77  11:22  Marine  
  77  11:25  Marine  
  79  11:30  Marine  
  80  11:34  Marine  
  80  11:39  Armory  
  81  11:40  Marine  
  81  11:43  Marine  
  81  11:46  Terran Ship Weapons Level 1  
  83  11:48  Siege Tank  
  83  11:52  Siege Tank  
  89  11:59  Marauder  
  93  12:01  Marauder  
  93  12:30  Viking  
  93  12:33  Viking  
  93  12:34  Supply Depot  
  97  12:37  Hellion  
  97  12:41  Hellion  
  76  12:46  Marauder  
  76  12:50  Marauder  
  44  12:53  SCV, Marine  
  44  12:56  Marine  
  35  12:59  Medivac  
  35  13:00  Cyclone  
  35  13:03  Medivac  
  35  13:05  SCV  
  37  13:07  Marine  
  37  13:11  Marine x2  
  40  13:14  Marine  
  40  13:17  Hellion, SCV  
  36  13:25  Marine  
  31  13:28  Marine  
  31  13:29  SCV, Marine  
  31  13:31  Marine  
  35  13:34  Viking  
  35  13:37  Siege Tank  
  40  13:41  SCV  
  40  13:43  Marine  
  40  13:45  Command Center  
  40  13:46  Marine  
  40  13:47  Marine  
  39  13:49  Marine  
  40  14:01  Marauder  
  36  14:05  SCV  
  30  14:17  SCV  
Show
View Real Time Build Order
Export as new Build Order

A.I. 5 (Hard) Zerg 

Build Orders: Pool First 

Get SALT Encoding   

  12  0:01  Drone  
  13  0:12  Overlord  
  13  0:17  Drone  
  14  0:30  Drone  
  14  0:31  Drone  
  16  0:43  Spawning Pool  
  16  0:45  Drone  
  16  0:49  Drone  
  17  0:53  Extractor  
  17  0:55  Drone  
  17  1:05  Overlord  
  17  1:30  Queen  
  17  1:31  Zergling x2  
  20  1:38  Drone, Roach Warren  
  20  1:39  Extractor  
  19  1:41  Zergling x2  
  20  1:49  Drone  
  21  2:00  Drone  
  22  2:10  Overlord  
  22  2:21  Drone  
  23  2:32  Roach  
  25  2:37  Drone  
  25  2:39  Overlord  
  25  2:42  Roach  
  28  2:53  Roach  
  30  3:04  Roach  
  32  3:09  Overlord  
  32  3:15  Roach  
  34  3:25  Roach  
  36  3:36  Roach  
  36  3:40  Overlord  
  38  3:45  Drone  
  38  3:47  Roach  
  41  3:49  Drone  
  41  3:52  Drone  
  43  3:56  Drone  
  44  4:05  Drone  
  45  4:13  Baneling Nest, Drone, Roach  
  45  4:15  Drone  
  48  4:20  Evolution Chamber  
  48  4:22  Drone  
  48  4:27  Roach  
  52  4:38  Roach  
  52  4:49  Roach  
  54  4:59  Zergling x2  
  54  6:20  Lair  
  54  6:21  Overlord  
  54  6:22  Evolution Chamber, Zerg Melee Weapons Level 1  
  54  6:25  Spore Crawler  
  52  6:26  Drone  
  52  6:28  Spore Crawler  
  52  6:30  Drone  
  53  6:39  Overlord  
  53  6:48  Hatchery, Zerg Ground Armor Level 1  
  52  6:55  Drone  
  53  7:06  Spine Crawler  
  53  7:07  Drone  
  53  7:16  Drone, Spine Crawler  
  53  7:17  Queen  
  53  7:18  Overseer  
  53  7:19  Overseer  
  53  7:20  Zergling x2  
  46  7:23  Hydralisk Den  
  46  7:25  Infestation Pit  
  46  7:28  Roach  
  46  7:29  Spire  
  31  7:37  Roach  
  31  7:46  Roach  
  33  7:54  Burrow, Roach  
  35  8:03  Drone, Roach  
  38  8:10  Drone  
  38  8:12  Roach  
  41  8:16  Drone, Zerg Missile Weapons Level 1  
  42  8:20  Roach  
  42  8:23  Drone  
  45  8:28  Drone, Hydralisk  
  45  8:32  Drone  
  49  8:35  Drone  
  49  8:38  Drone, Roach  
  49  8:40  Drone  
  54  8:43  Drone  
  54  8:45  Drone  
  56  8:48  Drone  
  56  8:52  Roach  
  56  8:53  Drone  
  56  8:55  Drone  
  61  8:56  Drone  
  61  8:59  Drone  
  63  9:05  Drone  
  64  9:10  Drone  
  64  9:16  Hydralisk  
  67  9:19  Spore Crawler  
  67  9:21  Drone  
  67  9:22  Spore Crawler  
  67  9:23  Drone  
  67  9:25  Roach  
  67  9:29  Queen  
  70  9:34  Roach x2, Hydralisk  
  70  9:35  Overlord  
  72  9:41  Roach  
  72  9:42  Muscular Augments  
  72  9:43  Hydralisk  
  74  9:47  Spine Crawler  
  74  9:49  Drone  
  74  9:52  Zergling x2  
  65  10:00  Spine Crawler  
  65  10:01  Roach  
  65  10:05  Drone x2  
  65  10:06  Drone x3  
  58  10:10  Drone, Roach  
  58  10:13  Drone  
  57  10:15  Drone  
  57  10:17  Drone  
  57  10:18  Roach  
  57  10:19  Drone  
  59  10:22  Drone x3  
  59  10:27  Roach  
  59  10:31  Drone  
  59  10:33  Drone x3  
  54  10:36  Drone, Roach  
  54  10:39  Drone  
  54  10:40  Drone  
  54  10:41  Drone  
  50  10:45  Roach  
  36  10:56  Roach  
  35  11:08  Roach  
  35  11:19  Hydralisk  
  37  11:31  Zergling x2  
  30  11:37  Drone  
  31  11:44  Drone  
  31  11:45  Hive  
  31  11:46  Drone  
  27  12:05  Corruptor  
  26  12:19  Drone, Overseer  
  26  12:37  Drone  
  26  12:47  Drone  
  21  13:31  Hatchery  
    14:43  Drone  
Tags
 
Add a new tag
Caveats
  • Supply blocks, unpowered buildings, or Contaminate may cause inaccurate times.
  • Supply counts are checked every 10 seconds.